 Dungeon Crawl Stone Soup version 0.29.1-1-gd02db6906a (webtiles) character file.

Game seed: 3774337362205881433

105 xian the Trooper (level 4, -5/38 HPs)
             Began as a Draconian Wanderer on Oct 15, 2022.
             Slain by an ogre
             ... wielding a +0 giant club
              (14 damage)
             ... on level 4 of the Dungeon.
             The game lasted 00:08:15 (3266 turns).

xian the Trooper (Draconian Wanderer)               Turns: 3266, Time: 00:08:17

Health: -5/38      AC:  6    Str: 15    XL:     4   Next: 53%
Magic:  0/7        EV: 12    Int: 13    God:
Gold:   160        SH:  0    Dex: 11    Spells: 3/7 levels left

rFire   . . .      SeeInvis .   l - +0 dagger
rCold   + . .      Faith    .   (no shield)
rNeg    . . .      Spirit   +   (body armour unavailable)
rPois   .          Reflect  .   (helmet restricted)
rElec   .          Harm     +   s - scarf {harm}
rCorr   .          Rampage  .   e - +0 pair of gloves
Will    .....                   (no boots)
Stlth   ++........              u - amulet of guardian spirit
HPRegen 0.12/turn               f - ring of protection from cold
MPRegen 0.10/turn               (no ring)

@: no status effects
A: AC +5, unfitting armour, cold-blooded
a: no special abilities


You were on level 4 of the Dungeon.
You visited 1 branch of the dungeon, and saw 4 of its levels.

You collected 160 gold pieces.

Inventory:

Hand Weapons
 l - a +0 dagger (weapon)
Missiles
 b - 3 throwing nets
Armour
 e - a +0 pair of gloves (worn)
 s - a scarf of harm (worn)
 w - an orb of guile
Jewellery
 f - a ring of protection from cold (left hand)
 u - an amulet of guardian spirit (around neck)
Wands
 x - a wand of flame (23)
Scrolls
 a - a scroll of magic mapping
 d - 2 scrolls of summoning
 h - 2 scrolls of poison {unknown}
 i - 3 scrolls of butterflies {unknown}
 p - a scroll of vulnerability
 q - 3 scrolls of fear {unknown}
 t - a scroll of teleportation
Potions
 c - a potion of lignification
 g - 2 potions of heal wounds {unknown}
 j - 2 potions of invisibility {unknown}
 k - 2 potions of curing {unknown}
 m - a potion of flight {unknown}
 n - 4 potions of attraction {unknown}
 o - a potion of degeneration {unknown}
 r - a potion of mutation {unknown}
 v - 2 potions of ambrosia


   Skills:
 + Level 3.5 Fighting
 + Level 0.2 Short Blades
 + Level 0.9 Maces & Flails
 + Level 3.2 Dodging
 + Level 1.4 Stealth
 + Level 2.0 Spellcasting
 + Level 1.4 Transmutations
 + Level 2.6 Poison Magic


You had 3 spell levels left.
You knew the following spells:

 Your Spells              Type           Power      Damage    Failure   Level
a - Sting                 Tmut/Pois      24%        1d4       11%         1
b - Ignite Poison         Fire/Tmut/Pois 4%         N/A       41%         3

Your spell library contained the following spells:

 Spells                   Type           Power      Damage    Failure   Level


Dungeon Overview and Level Annotations

Branches:
Dungeon (4/15)
 Temple: D:4-7

Altars:
Dithmenos


Innate Abilities, Weirdness & Mutations

Your plain brown scales are hard. (AC +5)
You cannot fit into any form of body armour.
You are cold-blooded and may be slowed by cold attacks.


Message History

The kobold is poisoned.
The kobold is moderately wounded.
The kobold barely misses you.
You kill the kobold!
The ogre attacks as you move away! The ogre barely misses you.
Found a scroll labelled LYSCHO VIS ZUSI.
The ogre attacks as you move away! The ogre barely misses you.
The sting hits the ogre.
The ogre is poisoned.
The ogre is lightly wounded.
The ogre attacks as you move away! The ogre closely misses you.
The ogre attacks as you move away! The ogre misses you.
The ogre looks more healthy.
The sting hits the ogre.
The ogre is poisoned.
The ogre is moderately wounded.
The ogre hits you with a +0 giant club! The ogre attacks as you move away!
The ogre hits you with a +0 giant club!
* * * LOW HITPOINT WARNING * * *
The ogre looks more healthy.
You are too injured to fight recklessly!
You are too injured to fight recklessly!
Aiming: Sting (safe; 11% risk of failure)
Press: ? - help, Q - select action, (/) - cycle Shift-Dir - straight line, f/p - ogre
Aim: an ogre, wielding a +0 giant club (heavily wounded, 85% to hit)
Okay, then.
Casting: Sting (safe; 11% risk of failure)
Confirm with . or Enter, or press ? or * to list all spells.
Aiming: Sting (safe; 11% risk of failure)
Press: ? - help, Shift-Dir - straight line, f/p - ogre
Aim: an ogre, wielding a +0 giant club (heavily wounded, 85% to hit)
The sting hits the ogre.
The ogre is poisoned.
The ogre is severely wounded.
Casting: Sting (safe; 11% risk of failure)
Confirm with . or Enter, or press ? or * to list all spells.
Aiming: Sting (safe; 11% risk of failure)
Press: ? - help, Shift-Dir - straight line, f/p - ogre
Aim: an ogre, wielding a +0 giant club (severely wounded, poisoned, 85% to hit)
The sting hits the ogre.
The ogre looks even sicker.
The ogre is severely wounded.
The ogre hits you with a +0 giant club!
You die...

... #....<...##. #..
#.##....#...#.. ...
#..#....#...#.# #?#
#......#####.# #.#
###.....####.####.##
#......##.........
#....#..........##
#O...###...######
#@...# ##..##
#########...#
#.........######
#...............
#...........##.
#.....<.....+
#...........#
#...........#
#...........#


You could see an ogre (very poisoned).

Vanquished Creatures
  Jessica (D:3)
  An adder (D:2)
  A dart slug (D:2)
  An orc (D:3)
  6 ball pythons
  8 endoplasms
  5 hobgoblins
  2 jackals (D:1)
  4 quokkas
  3 bats
  7 frilled lizards
  4 goblins
  11 kobolds
  10 rats
64 creatures vanquished.

Notes
Turn   | Place    | Note
-------+----------+-------------------------------------------
     0 | D:1      | xian the Draconian Wanderer began the quest for the Orb.
     0 | D:1      | xian set off with the following items: a +0 club, 3
                  | throwing nets, a potion of lignification, a scroll of
                  | summoning, a +0 pair of gloves; and the following spell
                  | memorised: Sting; and the following spells available to
                  | memorise: Ignite Poison.
     0 | D:1      | Reached XP level 1. HP: 19/19 MP: 2/2
   345 | D:1      | Reached XP level 2. HP: 26/26 MP: 0/3
   638 | D:1      | Found a faded altar of an unknown god.
  1181 | D:2      | Reached XP level 3. HP: 31/31 MP: 2/4
  1185 | D:2      | Learned a level 3 spell: Ignite Poison
  2139 | D:2      | Reached skill level 1 in Transmutations
  2349 | D:3      | Noticed Jessica
  2355 | D:3      | Killed Jessica
  2356 | D:3      | Reached XP level 4. HP: 38/38 MP: 3/6
  2899 | D:3      | Found a shadowy altar of Dithmenos.
  3220 | D:4      | Noticed an ogre
  3266 | D:4      | Slain by an ogre

Illustrated notes

Levels and vault maps discovered:
D:1:      tarquinn_simple_flora_water_a, layout_rooms,
          hellmonk_ecumenical_altar_slurped_away, minmay_tall_x
D:2:      layout_basic
D:3:      layout_rooms, mainiacjoe_overflow_paths, minmay_misc_feat_pillars,
          uniq_jessica
D:4:      layout_basic

Skill      XL: |  1  2  3  4 |
---------------+-------------+-----
Dodging        | 3 |  3.2
Transmutations | 1 |  1.4
Spellcasting   | 2 |  2.0
Fighting       | |  3.5
Short Blades   | |  0.2
Maces & Flails | |  0.9
Stealth        | |  1.4
Poison Magic   | |  2.6

Action                   |  1- 3 |  4- 6 || total
-------------------------+-------+-------++-------
Melee: Club              |    61 |       ||    61
       Tailslap          |    10 |     1 ||    11
       Dagger            |    58 |    13 ||    71
 Cast: Sting             |    49 |    29 ||    78
  Use: Scroll            |       |     4 ||     4
Armor: Skin              |    59 |     5 ||    64
Dodge: Dodged            |   109 |    18 ||   127
